 Dungeon Crawl Stone Soup version 0.28-a0-479-g5baa6b73be (webtiles) character file.

Game seed: 6166375753811452429

39 timneilson the Shield-Bearer (level 3, -1/23 HPs)
             Began as a Gargoyle Fighter on Sept 18, 2021.
             Slain by a worm (4 damage)
             ... on level 2 of the Dungeon.
             The game lasted 00:01:18 (310 turns).

timneilson the Shield-Bearer (Gargoyle Fighter)      Turns: 310, Time: 00:01:19

Health: -1/23      AC: 10    Str: 20    XL:     3   Next: 47%
Magic:  3/3        EV:  9    Int:  8    God:
Gold:   0          SH:  4    Dex:  9    Spells: 2/2 levels left

rFire   . . .      SeeInvis .   a - +0 long sword
rCold   . . .      Faith    .   c - +0 buckler
rNeg    + . .      Spirit   .   b - +0 scale mail
rPois   ∞          Reflect  .   (no helmet)
rElec   +          Harm     .   (no cloak)
rCorr   .          Rampage  .   (no gloves)
Will    .....                   (no boots)
Stlth   ..........              (no amulet)
HPRegen 0.07/turn               (no ring)
MPRegen 0.08/turn               (no ring)

@: no status effects
A: sickness immunity, AC +3, negative energy resistance 1, electricity
resistance, torment resistance 1, petrification resistance
a: no special abilities


You were on level 2 of the Dungeon.
You visited 1 branch of the dungeon, and saw 2 of its levels.

Inventory:

Hand Weapons
 a - a +0 long sword (weapon)
Armour
 b - a +0 scale mail (worn)
 c - a +0 buckler (worn)
Scrolls
 f - a scroll of blinking {unknown}
Potions
 d - a potion of might
 e - a potion of heal wounds {unknown}


   Skills:
 + Level 3.4 Fighting
 * Level 2.2 Long Blades
 * Level 3.7 Armour
 + Level 0.6 Dodging
 * Level 3.8 Shields


You had 2 spell levels left.
You didn't know any spells.
Your spell library was empty.

Dungeon Overview and Level Annotations

Branches:
Dungeon (1/15)

Altars:


Innate Abilities, Weirdness & Mutations

You are immune to sickness and miasma.
Your stone body is resilient. (AC +3)
You are immune to poison.
You resist negative energy. (rN+)
You are resistant to electric shocks. (rElec)
You are resistant to unholy torment.
You are immune to petrification.


Message History

The endoplasm freezes you.
You are frozen.
You slash the endoplasm!
You kill the endoplasm!
The goblin unwields a +0 hunting sling.
The goblin wields a +0 dagger.
The goblin hits you but does no damage.
You slash the goblin!
You kill the goblin!
You closely miss the rat. The rat bites you but does no damage.
You closely miss the rat. The rat bites you but does no damage.
You barely miss the rat. The rat bites you but does no damage.
The rat closely misses you.
You slash the rat!
You kill the rat!
Items here: ( ))) †††††.
e - a bubbling golden potion
Items here: ( ))) †††††.
f - a scroll labelled QOKKAY VINGEB A worm comes into view.
A goblin comes into view. It is wielding a +0 dagger.
The goblin shouts!
The worm completely misses you.
You completely miss the worm. The goblin hits you but does no damage.
The goblin barely misses you.
You barely miss the worm. The worm completely misses you.
The goblin hits you with a +0 dagger.
You hit the worm but do no damage. The goblin hits you with a +0 dagger.
The worm bites you!
You slash the worm!
The worm is heavily wounded.
The goblin barely misses you. The worm bites you!
* * * LOW HITPOINT WARNING * * *
The goblin closely misses you.
You hit the worm but do no damage.
The worm is heavily wounded.
The goblin hits you but does no damage.
You slash the worm!
The worm is almost dead.
The worm bites you.
You die...

#..## #..# ##.# .. #)##
..# #####..##
...##.#.#.#.##
#........>..#
#..#.#.#.#.###.#
#.........@w...#
#..#.#.#.#g#......
.######...........>..##.
......#..#.#.#.#.#.....
........................
.........#.#.#.#.#......
........######.....#####
........# #######
........#


You could see a worm and a goblin.

Vanquished Creatures
  3 adders (D:2)
  4 ball pythons
  An endoplasm (D:2)
  A giant cockroach (D:1)
  2 goblins
  A kobold (D:2)
  A rat (D:2)
13 creatures vanquished.

Notes
Turn   | Place    | Note
-------+----------+-------------------------------------------
     0 | D:1      | timneilson the Gargoyle Fighter began the quest for the
                  | Orb.
     0 | D:1      | Reached XP level 1. HP: 14/14 MP: 1/1
    93 | D:1      | You fall into a shaft and drop 1 floor!
   114 | D:2      | Reached XP level 2. HP: 18/19 MP: 2/2
   128 | D:2      | Reached XP level 3. HP: 14/23 MP: 3/3
   310 | D:2      | Slain by a worm

Illustrated notes

Levels and vault maps discovered:
D:1:      dpeg_arrival_rhombus, layout_loops_corners
D:2:      layout_rooms, basic_altar, minivault_19, st_stairs_9

Skill      XL: |  1 |
---------------+----+-----
Long Blades    | 2 |  2.2
Fighting       | |  3.4
Armour         | |  3.7
Dodging        | |  0.6
Shields        | |  3.8

Action                   || total
-------------------------++-------
Melee: Long sword        ||    60
Armor: Scale mail        ||    38
Dodge: Dodged            ||    28
Block: Buckler           ||    12

Table legend: (Time is in decaauts)
 A = Elapsed time spent in this place.
 B = Non-inter-level travel time spent in this place.
 C = Inter-level travel time spent in this place.
 D = Time resting spent in this place.
 E = Time spent auto-exploring this place.
 F = Levels seen in this place.
 G = Mean time per level.
                   A        B        C        D        E       F      G
               +--------+--------+--------+--------+--------+-----+--------+
         Total |    327 |    327 |      0 |      0 |    205 |   2 |  163.5 |
       Dungeon |    327 |    327 |      0 |      0 |    205 |   2 |  163.5 |
               +--------+--------+--------+--------+--------+-----+--------+

Top non-repeatable levels by time:
     D:2: 231 daAuts
     D:1: 96 daAuts
